 Dungeon Crawl Stone Soup version 0.25-a0-927-g39f137c8b7 (webtiles) character file.

Game seed: 914001904233754195, levelgen mode: deterministic

91 Maedhros the Sneak (level 4, 0/28 HPs)
             Began as an Octopode Artificer on May 3, 2020.
             Hit by a boomerang thrown by an orc (7 damage)
             ... on level 4 of the Dungeon.
             The game lasted 00:01:10 (795 turns).

Maedhros the Sneak (Octopode Artificer)              Turns: 795, Time: 00:01:10

Health: 0/28       AC:  1    Str: 11    XL:     4   Next: 59%
Magic:  6/6        EV: 13    Int: 13    God:
Gold:   41         SH:  0    Dex: 13    Spells: 3/3 levels left

rFire    . . .     SeeInvis .   a - +0 short sword
rCold    . . .     Gourm    .   (no shield)
rNeg     . . .     Faith    .   (helmet restricted)
rPois    .         Spirit   .   (no amulet)
rElec    .         Reflect  .   (no ring)
rCorr    .         Harm     .   (no ring)
MR       .....                  (no ring)
Stlth    +++.......             (no ring)
HPRegen  0.09/turn              (no ring)
MPRegen  0.10/turn              (no ring)
                                (no ring)
                                (no ring)

@: no status effects
A: almost no armour, stealthy swim, amphibious, 8 rings, constrict 8, camouflage
1, gelatinous body 1
a: no special abilities


You were on level 4 of the Dungeon.
You were not hungry.

You visited 1 branch of the dungeon, and saw 4 of its levels.

You collected 41 gold pieces.

Inventory:

Hand Weapons
 a - a +0 short sword (weapon)
Wands
 b - a wand of flame (11)
 c - a wand of enslavement (15)
 d - a wand of random effects (12)
Scrolls
 e - a scroll of noise {unknown}
 h - a scroll of immolation {unknown}
 i - a scroll of enchant weapon {unknown}
Comestibles
 f - 3 rations


   Skills:
 - Level 1.0 Fighting
 - Level 1.0 Short Blades
 - Level 2.0 Dodging
 - Level 4.0 Stealth
 + Level 3.0 Unarmed Combat
 - Level 3.2 Evocations


You had 3 spell levels left.
You didn't know any spells.
Your spell library was empty.

Dungeon Overview and Level Annotations

Branches:
Dungeon (4/15)
 Temple: D:4-7

Altars:
The Shining One


Innate Abilities, Weirdness & Mutations

You cannot wear most types of armour.
You are very stealthy in the water. (Stealth+)
You are amphibious.
You can wear up to eight rings at the same time.
You can use your tentacles to constrict eight enemies at once.
Your skin changes colour to match your surroundings (Stealth+).
Your rubbery body absorbs attacks. (AC +1, EV +1)


Message History

The orc wizard is severely wounded.
You constrict the orc wizard. The orc hits you with a +0 hand axe.
The orc wizard closely misses you.
You hit the orc wizard.
You kill the orc wizard!
Your Unarmed Combat skill increases to level 3!
The orc closely misses you.
The orc throws a boomerang.
The boomerang closely misses you.
The weapon returns to the orc!
You completely miss the orc. Your grab misses the orc.
You squeeze the orc, but do no damage. The orc hits you with a +0 hand axe.
* * * LOW HITPOINT WARNING * * *
You barely miss the orc. Your grab misses the orc. You hit the orc.
You grab the orc.
The orc is lightly wounded.
You constrict the orc. You hit the orc.
You kill the orc!
The orc throws a boomerang.
The boomerang hits you!
You die...

......##.# ......##.# #..#
## ......##.# #...... .
#.....##.######..##.# Z#
#................##.###.##.
#.....##.######............
'.....##.#######.#.......
#.......................
#####..#.#######@##..# ##
#..#.# #)##..##...
.####..#.#######oo)o....#
...)...........#Z.#..##.#
.......#.......#..#.......
.##)##.######..#..#..##....
.##)##.# #..............
.##.##.# #...#.....##. #
.##.##.#####...##.#..#


You could see 2 orcs and an adder zombie.

Vanquished Creatures
  An orc wizard (D:4)
  3 gnolls (D:4)
  An adder (D:3)
  A worm (D:3)
  A dart slug (D:1)
  A leopard gecko (D:3)
  2 orcs (D:4)
  2 hobgoblins
  A kobold (D:2)
  2 bats
  2 frilled lizards (D:1)
  A goblin (D:3)
  4 rats
22 creatures vanquished.

Notes
Turn   | Place    | Note
-------+----------+-------------------------------------------
     0 | D:1      | Maedhros the Octopode Artificer began the quest for the
                  | Orb.
     0 | D:1      | Reached XP level 1. HP: 13/13 MP: 3/3
    85 | D:1      | Reached skill level 2 in Stealth
   296 | D:2      | Reached XP level 2. HP: 18/18 MP: 4/4
   297 | D:2      | Reached skill level 3 in Stealth
   357 | D:3      | Reached skill level 4 in Stealth
   361 | D:3      | Reached XP level 3. HP: 11/23 MP: 5/5
   386 | D:4      | Reached skill level 1 in Unarmed Combat
   386 | D:4      | HP: 1/23 [gnoll/+0 club (11)]
   393 | D:4      | Reached XP level 4. HP: 2/28 MP: 6/6
   752 | D:4      | Found a glowing golden altar of the Shining One.
   795 | D:4      | Hit by a boomerang thrown by an orc

Levels and vault maps discovered:
D:1:      kilobyte_arrival_exit_the_forest, layout_loops_corners,
          minmay_misc_feat_room
D:2:      layout_rooms, lemuel_crystal_altar, chequers_serial_rivers_micro_c,
          serial_bayou_lagoon_a
D:3:      layout_rooms, nicolae_overflow_crystal_walls, first_ration
D:4:      layout_basic, kennysheep_little_box, uniq_edmund

Skill      XL: |  1  2  3  4 |
---------------+-------------+-----
Stealth        | 2 4 |  4.0
Unarmed Combat | 2 3 |  3.0
Fighting       | |  1.0
Short Blades   | |  1.0
Dodging        | |  2.0
Evocations     | |  3.2

Action                   |  1- 3 |  4- 6 || total
-------------------------+-------+-------++-------
Melee: Short sword       |    30 |     8 ||    38
       Constrict         |    10 |     2 ||    12
       Tentacles         |     6 |     2 ||     8
Evoke: Wand              |     3 |     4 ||     7
  Use: Potion            |     3 |       ||     3
 Stab: Sleeping          |     3 |       ||     3
Armor: Skin              |     3 |       ||     3
Dodge: Dodged            |    22 |     6 ||    28

Table legend:
 A = Non-vault XP
 B = Vault XP
 C = Vault XP percentage of total XP
 D = Non-vault monster count
 E = Vault monster count
 F = Vault count percentage of total count
                 A         B        C        D         E       F
            +---------+---------+-------+---------+---------+-------
      Total |     131 |       0 |   0.0 |      22 |       0 |   0.0
            +---------+---------+-------+---------+---------+-------
        D:1 |       9 |       0 |   0.0 |       6 |       0 |   0.0
        D:2 |       6 |       0 |   0.0 |       4 |       0 |   0.0
        D:3 |      25 |       0 |   0.0 |       6 |       0 |   0.0
        D:4 |      91 |       0 |   0.0 |       6 |       0 |   0.0
            +---------+---------+-------+---------+---------+-------
